AoeStats
← Grand

Hill Fort

504900127Analyzed
3v3 RM · 26d ago on Sep 7, 2026· 84m 21s· 6 players
Game mode
Random Map
Map size
Normal (6 player)
Population
200
Speed
Normal
Resources
Standard
Victory
Conquest
Starting age
Dark Age
Ending age
Imperial Age
RankedLock teamsTeams togetherTeam positionsShared explorationLock speedFull tech treeHidden civsTurbo modeCheats
Victory
Defeat
🇬🇧 Teutons · United Kingdom
1228
+10
🇳🇿 Poles · New Zealand
978
+20
🇳🇿 Bulgarians · New Zealand
949
+20
🇺🇸 Mongols · United States
1148
-20
🇺🇸 Ethiopians · United States
1046
-16
🇺🇸 Franks · United States
1002
-14
R2C2
3:44 Loom
9:13 Feudal Age
12:06 Forging
13:15 Arson
13:33 Scale Mail Armor
18:21 Double-Bit Axe
18:18 Horse Collar
23:47 Castle Age
22:29 Stone Mining
22:33 Gold Mining
23:45 Scale Barding Armor
26:41 Bloodlines
33:01 Bow Saw
35:01 Wheelbarrow
40:46 Gold Shaft Mining
40:14 Heavy Plow
44:16 Imperial Age
43:02 Stone Shaft Mining
44:11 Hand Cart
44:43 Chain Barding Armor
45:00 Iron Casting
44:33 Husbandry
45:46 Elite Konnik
47:46 Blast Furnace
47:03 Stirrups
47:24 Town Watch
49:40 Bagains
49:36 Gambesons
49:52 Squires
52:01 Light Cavalry
53:38 Caravan
61:41 Pikeman
65:09 Halberdier
70:47 Plate Barding Armor
70:28 Chain Mail Armor
Wrecking Ball Paul
12:17 Feudal Age
12:44 Horse Collar
12:52 Double-Bit Axe
19:23 Castle Age
20:33 Fletching
23:10 Gold Mining
24:59 Crossbowman
27:14 Loom
28:28 Bodkin Arrow
30:17 Padded Archer Armor
30:24 Scale Barding Armor
36:01 Bloodlines
38:29 Imperial Age
37:46 Szlachta Privileges
38:06 Stone Mining
40:17 Bracer
42:35 Husbandry
42:46 Bloodlines
43:10 Cavalier
46:18 Onager
52:00 Bow Saw
53:07 Thumb Ring
53:59 Forging
54:21 Light Cavalry
59:02 Murder Holes
58:50 Treadmill Crane
62:13 Winged Hussar
64:33 Heavy Plow
67:30 Crop Rotation
68:38 Iron Casting
68:03 Scale Mail Armor
68:19 Leather Archer Armor
72:44 Wheelbarrow
71:55 Town Watch
74:03 Lechitic Legacy
Lanyard
10:16 Feudal Age
12:21 Double-Bit Axe
12:18 Horse Collar
16:10 Castle Age
15:34 Loom
17:07 Bow Saw
16:59 Heavy Plow
20:08 Gold Mining
22:46 Wheelbarrow
22:58 Bloodlines
23:06 Town Watch
23:46 Stone Mining
24:44 Bloodlines
24:49 Scale Barding Armor
25:57 Chain Barding Armor
27:16 Forging
28:35 Hand Cart
29:53 Iron Casting
38:45 Imperial Age
38:29 Stone Shaft Mining
38:33 Town Patrol
39:58 Guilds
39:10 Cavalier
40:31 Plate Barding Armor
40:57 Blast Furnace
40:29 Crop Rotation
41:00 Two-Man Saw
40:53 Conscription
40:55 Crenellations
41:26 Hoardings
41:11 Paladin
42:03 Siege Engineers
42:10 Masonry
43:57 Chemistry
47:13 Coinage
46:44 Caravan
53:42 Scale Mail Armor
53:57 Pikeman
54:38 Squires
54:23 Gambesons
54:25 Arson
55:06 Halberdier
56:07 Chain Mail Armor
57:42 Plate Mail Armor
58:09 Bombard Tower
58:24 Onager
62:29 Siege Onager
64:40 Capped Ram
69:44 Banking
71:17 Ballistics
75:29 Fletching
75:55 Fortified Wall
Grand
9:12 Loom
11:54 Feudal Age
12:34 Double-Bit Axe
22:46 Castle Age
21:00 Gold Mining
21:36 Scale Barding Armor
23:38 Husbandry
26:04 Forging
28:54 Chain Barding Armor
33:06 Iron Casting
37:24 Gold Shaft Mining
36:39 Stone Mining
48:24 Imperial Age
48:35 Cavalier
54:35 Wheelbarrow
56:43 Plate Barding Armor
59:02 Blast Furnace
59:38 Paladin
60:54 Hand Cart
60:24 Town Watch
64:25 Light Cavalry
ManoShEeP
7:27 Loom
9:24 Feudal Age
10:08 Double-Bit Axe
18:17 Castle Age
17:42 Fletching
17:55 Stone Mining
21:35 Gold Mining
23:32 Bow Saw
25:29 Husbandry
29:33 Padded Archer Armor
34:18 Wheelbarrow
34:00 Bloodlines
34:02 Scale Barding Armor
38:10 Imperial Age
38:25 Gold Shaft Mining
38:14 Elite Mangudai
38:21 Elite Mangudai
39:35 Pikeman
40:16 Squires
40:25 Arson
40:59 Leather Archer Armor
40:41 Bodkin Arrow
42:04 Ballistics
43:32 Hand Cart
44:06 Stone Shaft Mining
45:38 Chemistry
45:18 Leather Archer Armor
47:31 Horse Collar
52:09 Heavy Plow
53:24 Masonry
53:19 Siege Engineers
53:25 Careening
53:13 Murder Holes
53:29 Fortified Wall
56:09 Light Cavalry
58:36 Hussar
60:11 Forging
61:11 Chain Barding Armor
61:31 Iron Casting
70:29 Blast Furnace
78:31 Elite Skirmisher
Kayo0
5:57 Loom
9:16 Feudal Age
10:22 Double-Bit Axe
11:58 Horse Collar
17:14 Wheelbarrow
17:54 Gold Mining
18:14 Fletching
21:33 Castle Age
21:51 Crossbowman
22:38 Thumb Ring
22:30 Bodkin Arrow
28:48 Padded Archer Armor
30:11 Stone Mining
32:25 Bow Saw
34:41 Ballistics
36:59 Imperial Age
34:45 Hand Cart
34:15 Town Watch
34:59 Heavy Plow
35:41 Gold Shaft Mining
37:31 Leather Archer Armor
37:04 Arbalester
37:46 Bracer
39:33 Ring Archer Armor
42:20 Chemistry
42:08 Stone Shaft Mining
51:47 Forging
51:38 Scale Mail Armor
52:42 Halberdier
53:23 Squires
53:08 Arson
55:00 Conscription
56:32 Iron Casting
56:13 Chain Mail Armor
61:41 Blast Furnace
61:12 Plate Mail Armor
76:59 Guilds
Connection lost

Rejoining the realm…

Still unreachable

The connection could not be restored.

Session expired

The server has moved on; the page needs a fresh start.